 Dungeon Crawl Stone Soup version 0.30-a0-782-ge64f9170bb (webtiles) character file.

Game seed: 17659305406115398827

16983 HoaS the Marksgargoyle (level 12, -7/62 HPs)
             Began as a Gargoyle Hunter on Feb 26, 2023.
             Was the Champion of Zin.
             Mangled by a death yak (21 damage)
             ... on level 1 of the Lair of Beasts.
             The game lasted 00:23:57 (11254 turns).

HoaS the Marksgargoyle (Gargoyle Hunter)           Turns: 11254, Time: 00:23:58

Health: -7/62      AC: 18    Str: 16    XL:     12   Next: 43%
Magic:  15/15      EV: 12    Int: 12    God:    Zin [******]
Gold:   801        SH:  5    Dex: 18    Spells: 11/11 levels left

rFire   . . .      SeeInvis .    d - +4 longbow (elec)
rCold   . . .      Faith    .    (shield currently unavailable)
rNeg    + . .      Spirit   .    c - +1 leather armour
rPois   ∞          Reflect  +    B - +0 helmet
rElec   +          Harm     .    n - +0 cloak
rCorr   +          Rampage  .    a - +1 pair of gloves
Will    +....                    x - +1 pair of boots
Stlth   ++                       s - amulet of reflection
HPRegen 0.30/turn                p - ring of resist corrosion
MPRegen 0.14/turn                z - ring of willpower

@: vitalised
A: sickness immunity, AC +8, negative energy resistance 1, electricity
resistance, torment resistance 1, petrification resistance
a: Renounce Religion, Recite, Vitalisation, Imprison, Sanctuary, Donate Gold


You were on level 1 of the Lair of Beasts.
You worshipped Zin.
Zin was exalted by your worship.
You visited 3 branches of the dungeon, and saw 11 of its levels.
You also visited: Bailey.

You collected 890 gold pieces.
You donated 89 gold pieces to Zin.

Inventory:

Hand Weapons
 d - a +4 longbow of electrocution (weapon)
Missiles
 o - 7 throwing nets
Armour
 a - a +1 pair of gloves (worn)
 c - a +1 leather armour (worn)
 n - a +0 cloak (worn)
 x - a +1 pair of boots (worn)
 B - a +0 helmet (worn)
Jewellery
 p - a ring of resist corrosion (left hand)
 s - an amulet of reflection (around neck)
 t - a ring of positive energy
 w - the ring of Yvey {Fire rN+ Will++}
   (You took it off a gnoll sergeant in a bailey)

   [ring of fire]

   It enhances your fire magic.
   rF:        It protects you from fire.
   rC:        It makes you vulnerable to cold.
   rN:        It protects you from negative energy.
   Will:      It greatly increases your willpower.
 z - a ring of willpower (right hand)
Wands
 l - a wand of flame (41)
 r - a wand of charming (8)
 A - a wand of iceblast (13)
 C - a wand of quicksilver (5)
Scrolls
 b - 2 scrolls of immolation
 f - 3 scrolls of magic mapping
 g - a scroll of fear
 k - 2 scrolls of teleportation
 y - a scroll of blinking
Potions
 e - a potion of attraction
 h - 3 potions of cancellation
 i - a potion of degeneration {unknown}
 j - a potion of magic {unknown}
 m - 5 potions of curing
 q - 2 potions of mutation
 u - 3 potions of flight {unknown}
 v - a potion of berserk rage {unknown}


   Skills:
 - Level 2.1 Fighting
 * Level 19.2 Ranged Weapons
 - Level 1.5 Dodging
 - Level 1.1 Stealth
 - Level 5.0 Invocations


You had 11 spell levels left.
You didn't know any spells.
Your spell library contained the following spells:

 Spells                   Type           Power      Damage    Failure   Level
 Blink                    Tloc           0%         N/A       52%         2
 Ensorcelled Hibernation  Hex/Ice        0%         N/A       52%         2
 Lesser Beckoning         Tloc           0%         N/A       52%         2
 Momentum Strike          Conj/Tloc      0%         3d8       52%         2
 Passwall                 Tmut/Erth      0%         N/A       52%         2
 Kindle Blastsparks       Fire/Tloc/Air  0%         2d10      77%         3
 Swiftness                Air            0%         N/A       77%         3
 Fulminant Prism          Conj/Hex       0%         3d5       99%         4
 Iskenderun's Mystic Bla  Conj/Tloc      0%         2d3       99%         4
 Lee's Rapid Deconstruct  Erth           0%         3d4*      100%        5


Dungeon Overview and Level Annotations

Branches:
Dungeon (9/15)             Temple (1/1) D:4            Lair (1/5) D:9
 Bailey (visited)
    Orc: D:9-12

Altars:
Ashenzari
Cheibriados
Dithmenos
Elyvilon
Fedhas
Gozag
Hepliaklqana
Kikubaaqudgha
Makhleb
Nemelex Xobeh
Okawaru
Ru
Sif Muna
Trog
Uskayaw
Vehumet
Wu Jian
Xom
Yredelemnul
Zin
The Shining One

Shops:
D:4 [


Innate Abilities, Weirdness & Mutations

You are immune to sickness and miasma.
Your stone body is resilient. (AC +8)
You are immune to poison.
You resist negative energy. (rN+)
You are resistant to electric shocks. (rElec)
You are resistant to unholy torment.
You are immune to petrification.


Message History

You block the death yak's attack.
You shoot an arrow. The arrow hits the death yak!
Lightning courses through the death yak!!
You kill the death yak!
You shoot an arrow.
The arrow hits the death yak but does no damage.
The death yak is lightly wounded.
A death yak comes into view.
The death yak misses you.
You shoot an arrow. The arrow hits the death yak!!
Lightning courses through the death yak!
The death yak is heavily wounded.
The death yak gores you but does no damage.
You shoot an arrow. The arrow hits the death yak.
Lightning courses through the death yak!
The death yak is severely wounded.
The death yak barely misses you.
You shoot an arrow. The arrow hits the death yak!
Lightning courses through the death yak!
The death yak is almost dead.
You hear a bellow!
You shoot an arrow. The arrow hits the death yak!
You kill the death yak!
You shoot an arrow. The arrow hits the death yak.
The death yak is lightly wounded.
The death yak gores you.
You shoot an arrow. The arrow hits the death yak!
The death yak is lightly wounded.
The death yak gores you but does no damage.
You shoot an arrow. The arrow hits the death yak.
Lightning courses through the death yak!
The death yak is heavily wounded.
The death yak gores you!
* * * LOW HITPOINT WARNING * * *
You shoot an arrow. The arrow hits the death yak.
The death yak is heavily wounded.
You shoot an arrow. The arrow hits the death yak!
The death yak is severely wounded.
The death yak gores you!!
You die...

# ##..####.....#####...# # #..#
#.#...#.#....... # #..#
#............... #
#..###...⌠.#.###...## #
#....#.#...#..###..# #
#....#.......###P..# #
#..###.......####..##
#..####.#+##.........
#####@##.....###..##..
#..⌠.#YY###...##.⌠.###
##.....#.............#
##.⌠.>..+...⌠...+..>.⌠##
##########.#.....#.......#......#
............#.⌠.#...##...##.⌠..#.
.........(..#######.....#######..
.................#...+#.# #..###
.................##.....## #..#


You could see 2 death yaks.

Vanquished Creatures
  Erica (D:8)
  3 death yaks
  Pikel (D:9)
  An oklob plant (Lair:1)
  4 elephants (Lair:1)
  A black mamba (Lair:1)
  3 cane toads (Lair:1)
  3 unseen horror zombies (D:9)
  A kobold demonologist (D:9)
  A rime drake (D:9)
  3 blink frogs (Lair:1)
  A shadow (D:7)
  13 yaks (Lair:1)
  A basilisk (Lair:1)
  2 vampire mosquitoes (D:9)
  An acid dragon (D:8)
  5 water moccasins
  2 orc warriors
  2 black bears (D:7)
  2 sky beasts (D:8)
  3 ice beasts
  5 ogres
  10 wolves
  7 centaurs
  A lemure (D:9)
  2 phantoms
  A kobold brigand (D:8)
  4 bullfrogs
  3 necrophages
  5 scorpions
  9 gnoll sergeants (Bailey)
  11 wights
  An electric eel (Lair:1)
  4 howler monkeys
  A jelly (D:6)
  2 centaur zombies (D:9)
  8 hounds
  Crazy Yiuf (D:2)
  6 orc priests
  5 gnoll boudas (Bailey)
  4 iguanas
  8 orc wizards
  A killer bee zombie (D:9)
  4 howler monkey zombies (D:9)
  16 gnolls
  11 adders
  3 shadow imps
  3 white imps
  4 worms
  A dart slug (D:4)
  35 orcs
  3 ball pythons
  2 bats (D:1)
  5 endoplasms
  3 giant cockroaches
  4 hobgoblins
  2 quokkas
  4 frilled lizards
  12 goblins
  6 kobolds
  2 rats
273 creatures vanquished.

Vanquished Creatures (others)
  3 fungi (Lair:1)
  9 plants (Lair:1)
12 creatures vanquished.

Grand Total: 285 creatures vanquished

Notes
Turn   | Place    | Note
-------+----------+-------------------------------------------
     0 | D:1      | HoaS the Gargoyle Hunter began the quest for the Orb.
     0 | D:1      | Reached XP level 1. HP: 12/12 MP: 1/1
   522 | D:1      | Reached XP level 2. HP: 16/17 MP: 2/2
  1047 | D:2      | Identified a scroll of acquirement
  1047 | D:2      | Acquired a +2 longbow of electrocution
  1113 | D:2      | Reached skill level 5 in Ranged Weapons
  1113 | D:2      | Reached XP level 3. HP: 18/21 MP: 3/3
  1422 | D:2      | Reached XP level 4. HP: 26/26 MP: 4/4
  1735 | D:2      | Found a runed translucent door.
  1736 | D:2      | Noticed Crazy Yiuf
  2169 | D:3      | Reached skill level 6 in Ranged Weapons
  2169 | D:3      | Reached XP level 5. HP: 5/30 MP: 5/5
  2523 | D:3      | Found an iron altar of Okawaru.
  2551 | D:3      | Found an ancient bone altar of Kikubaaqudgha.
  2551 | D:3      | Found a hazy altar of Hepliaklqana.
  2553 | D:3      | Found a hazy altar of Hepliaklqana.
  2553 | D:3      | Found a shimmering altar of Xom.
  2553 | D:3      | Found a shimmering altar of Xom.
  2957 | D:4      | Found a staircase to the Ecumenical Temple.
  2969 | Temple   | Entered the Ecumenical Temple
  3204 | Temple   | Became a worshipper of Zin the Law-Giver
  3204 | Temple   | Reached * piety under Zin
  3223 | D:4      | Reached skill level 7 in Ranged Weapons
  3223 | D:4      | Reached skill level 1 in Invocations
  3223 | D:4      | Reached XP level 6. HP: 32/35 MP: 6/6
  3321 | D:4      | Found Ullisor's Armour Emporium.
  3644 | D:2      | Killed Crazy Yiuf
  3718 | D:5      | Entered Level 5 of the Dungeon
  3741 | D:5      | Reached XP level 7. HP: 39/40 MP: 8/8
  3797 | D:5      | Found a hide-covered altar of Uskayaw.
  3831 | D:5      | Reached skill level 8 in Ranged Weapons
  3904 | D:5      | Reached XP level 8. HP: 44/44 MP: 11/11
  3964 | D:5      | Reached skill level 9 in Ranged Weapons
  4095 | D:5      | Reached ** piety under Zin
  4515 | D:6      | Reached skill level 5 in Invocations
  4551 | D:6      | Found a glowing golden altar of the Shining One.
  4561 | D:6      | Reached skill level 10 in Ranged Weapons
  4840 | D:6      | Reached XP level 9. HP: 38/48 MP: 12/12
  4855 | D:6      | Reached skill level 11 in Ranged Weapons
  4877 | D:6      | Found a hazy altar of Hepliaklqana.
  5355 | D:6      | Reached *** piety under Zin
  5356 | D:6      | Identified the +7 short sword of the Gnat {drain, rElec
                  | Dex+3}
  5528 | D:6      | Reached skill level 12 in Ranged Weapons
  6076 | D:7      | Found a flagged portal.
  6087 | Bailey   | Entered a bailey
  6184 | Bailey   | Reached skill level 13 in Ranged Weapons
  6595 | Bailey   | Reached XP level 10. HP: 53/53 MP: 13/13
  6595 | Bailey   | Identified the ring of Yvey {Fire rN+ Will++}
  6813 | Bailey   | Reached **** piety under Zin
  6813 | Bailey   | Reached ***** piety under Zin
  6868 | Bailey   | Reached skill level 14 in Ranged Weapons
  7656 | D:7      | Reached ****** piety under Zin
  8160 | D:8      | Reached skill level 15 in Ranged Weapons
  8216 | D:8      | Found a broken altar of Ashenzari.
  8395 | D:8      | Found a shimmering blue altar of Sif Muna.
  8576 | D:8      | Noticed Erica
  8692 | D:8      | Killed Erica
  9333 | D:9      | Reached XP level 11. HP: 57/57 MP: 14/14
  9369 | D:9      | Reached skill level 16 in Ranged Weapons
  9377 | D:9      | Found a staircase to the Lair.
  9833 | D:9      | Found a basalt altar of Yredelemnul.
  9877 | D:9      | Noticed Pikel
  9891 | D:9      | Killed Pikel
  9934 | D:9      | Found a white marble altar of Elyvilon.
 10121 | Lair:1   | Entered Level 1 of the Lair of Beasts
 10139 | Lair:1   | Reached skill level 17 in Ranged Weapons
 10244 | Lair:1   | Noticed a death yak
 10244 | Lair:1   | Noticed a death yak
 10285 | D:9      | Killed a death yak
 10470 | Lair:1   | Reached skill level 18 in Ranged Weapons
 10705 | Lair:1   | Noticed an oklob plant
 10719 | Lair:1   | Killed an oklob plant
 10720 | Lair:1   | Reached XP level 12. HP: 37/62 MP: 15/15
 11129 | Lair:1   | Identified the +5 trident "Zyvvov" {heavy, rElec Str+3}
 11204 | Lair:1   | Noticed a death yak
 11205 | Lair:1   | Noticed a death yak
 11233 | Lair:1   | Reached skill level 19 in Ranged Weapons
 11243 | Lair:1   | Killed a death yak
 11245 | Lair:1   | Noticed a death yak
 11249 | Lair:1   | Killed a death yak
 11254 | Lair:1   | Mangled by a death yak

Illustrated notes

Levels and vault maps discovered:
D:1:      roderic_crossed_star, layout_loops_corners, kennysheep_another_room,
          minivault_5, nicolae_eternal_life
D:2:      layout_loops_ring, st_stairs_6, uniq_crazy_yiuf_cottage
D:3:      layout_loops_cross, doesnt_xom_only_xom,
          hangedman_decor_diamond_cutter
D:4:      layout_cave_pools, minmay_temple_entry_wispy, serial_shops,
          nicolae_take_the_stairs, kennysheep_nub
D:5:      layout_rooms, mainiacjoe_overflow_alcove_4, amethyst_killhole,
          guppyfry_early_lair_pool
D:6:      layout_layer_cave, mainiacjoe_overflow_tiny_flanked,
          lemuel_tele_altar, minmay_checkerbox
D:7:      layout_gridville, enter_bailey_3, serial_glass, glass_columns_a,
          glass_columns_c, chequers_serial_rivers_large_b
D:8:      layout_layer_cave, ashenzari_conservatory_becter,
          nicolae_sif_muna_condensation, uniq_erica
D:9:      layout_roguey, nicolae_yredelemnul_corpse_copse, elyvilon_altar_5,
          hellmonk_lair_entry_icy, nicolae_concentric_dashed_squares_mild,
          uniq_pikel
Temple:   nicolae_temple_figure_eight
Lair:1:   layout_small_grid, minivault_24, st_stairs_6, serial_bayou_pond_c,
          grunt_megastairs_1, serial_bayou_shore_a

Skill      XL: |  1  2  3  4  5  6  7  8  9 10 11 12 |
---------------+-------------------------------------+-----
Ranged Weapons | 5 6 7 8 10 13 15 18 19 | 19.2
Invocations    | 1 2 4 5 |  5.0
Fighting       | |  2.1
Dodging        | |  1.5
Stealth        | |  1.1

Action                     |  1- 3 |  4- 6 |  7- 9 | 10-12 || total
---------------------------+-------+-------+-------+-------++-------
   Fire: Shortbow          |    23 |       |       |       ||    23
         Longbow           |    34 |   103 |   261 |   495 ||   893
 Invoke: Vitalisation      |       |       |       |     2 ||     2
         Recite            |       |       |       |     1 ||     1
    Use: Scroll            |     3 |     5 |     6 |     8 ||    22
         Potion            |       |       |       |     3 ||     3
 Armour: Leather armour    |     8 |    18 |    28 |   143 ||   197
  Dodge: Dodged            |    10 |    24 |    29 |   146 ||   209
  Block: Other             |       |       |    11 |    71 ||    82
         Reflection        |       |       |       |     4 ||     4

Table legend: (Time is in decaauts)
 A = Elapsed time spent in this place.
 B = Non-inter-level travel time spent in this place.
 C = Inter-level travel time spent in this place.
 D = Time resting spent in this place.
 E = Time spent auto-exploring this place.
 F = Levels seen in this place.
 G = Mean time per level.
                   A        B        C        D        E       F      G
               +--------+--------+--------+--------+--------+-----+--------+
         Total |  11378 |  10634 |    744 |   1970 |   6748 |  12 |  948.2 |
       Dungeon |   8934 |   8230 |    704 |    962 |   6006 |   9 |  992.7 |
        Temple |    247 |    208 |     39 |      0 |    205 |   1 |  247.0 |
          Lair |    987 |    987 |      0 |    393 |    290 |   1 |  987.0 |
        Bailey |   1208 |   1208 |      0 |    614 |    247 |   1 | 1208.0 |
               +--------+--------+--------+--------+--------+-----+--------+

Top non-repeatable levels by time:
     D:6: 1387 daAuts
  Bailey: 1208 daAuts
     D:3: 1102 daAuts
     D:8: 1091 daAuts
     D:1: 1087 daAuts
  Lair:1: 987 daAuts
     D:7: 976 daAuts
     D:9: 967 daAuts
     D:2: 863 daAuts
     D:5: 763 daAuts
     D:4: 695 daAuts
  Temple: 247 daAuts
